[ AOE2 MATCH · #505188989 ]
UnrankedBohemians vs Malay
Player's team · WIN
[ REPLAY ANALYSIS · EXTRACTED FROM THE RECORDED GAME ]
Feudal
10:56
Castle
15:07
Imperial
39:01
| APM avg | 53.6 |
| APM peak | 120 |
| eAPM avg | 33.8 |
| Villagers / military | 144 / 155 |
Focus
⚔️ 45.9% · 🌾 54.1%
Monk ×67 · Skirmisher ×25 · Battering Ram ×24 · Spearman ×20 · Bombard Cannon ×8 · Hand Cannoneer ×4
Feudal
7:44
Castle
23:31
Imperial
29:19
| APM avg | 52.2 |
| APM peak | 107 |
| eAPM avg | 26.1 |
| Villagers / military | 143 / 111 |
Focus
⚔️ 32.0% · 🌾 68.0%
Scout Cavalry ×60 · Archer ×35 · Trebuchet (Packed) ×5 · Bombard Cannon ×4 · Mangonel ×3 · Karambit Warrior ×3
Match map
Initial resources + every placement click. Lines = walls · curves = elevation contours. ◆ gold · ⬟ stone · ● berries · ✦ relic · ◌ wall gap
Your base· ✓ Closed at 15:07 · 89t walls · 4 gate(s)
新竹's base· ✓ Closed at 23:31 · 12t walls · 2 gate(s)
Smoothed initial terrain · ◌ = detected wall gap · hover for details
Inputs per minute
— SHell | FStalker - - 新竹
Build order — SHell | FStalker
First 150 of 469 actions detected
| 0:01 | Create | Villager (Male) ×4 |
| 0:02 | Build | House |
| 0:03 | Build | House |
| 1:30 | Create | Villager (Male) |
| 1:31 | Create | Villager (Male) |
| 1:43 | Build | Lumber Camp |
| 2:01 | Create | Villager (Male) |
| 2:18 | Create | Villager (Male) |
| 2:18 | Create | Villager (Male) |
| 2:46 | Create | Villager (Male) |
| 2:46 | Create | Villager (Male) |
| 2:47 | Create | Villager (Male) |
| 3:01 | Create | Villager (Male) |
| 3:01 | Create | Villager (Male) |
| 3:34 | Create | Villager (Male) |
| 3:34 | Create | Villager (Male) |
| 4:00 | Build | House |
| 4:01 | Build | House |
| 4:05 | Create | Villager (Male) |
| 4:05 | Create | Villager (Male) |
| 4:22 | Build | House |
| 4:26 | Create | Villager (Male) |
| 4:26 | Create | Villager (Male) |
| 4:27 | Build | House |
| 4:31 | Build | Palisade Gate |
| 4:41 | Build | Mill |
| 4:49 | Create | Villager (Male) |
| 4:49 | Create | Villager (Male) |
| 5:05 | Create | Villager (Male) |
| 5:06 | Build | Palisade Wall |
| 5:07 | Build | Palisade Wall |
| 5:13 | Build | Palisade Wall |
| 5:14 | Build | Palisade Wall |
| 5:15 | Build | Palisade Wall |
| 5:38 | Create | Villager (Male) |
| 5:38 | Create | Villager (Male) |
| 5:56 | Create | Villager (Male) |
| 6:35 | Create | Villager (Male) |
| 6:35 | Create | Villager (Male) |
| 6:41 | Research | Loom |
| 6:45 | Create | Villager (Male) |
| 6:46 | Create | Villager (Male) |
| 6:49 | Build | Lumber Camp |
| 6:55 | Build | Lumber Camp |
| 7:46 | Create | Villager (Male) |
| 7:46 | Create | Villager (Male) |
| 7:48 | Research | Loom |
| 8:02 | Research | Loom |
| 8:06 | Build | Mining Camp |
| 8:11 | Build | Mining Camp |
| 8:13 | Research | Feudal Age |
| 8:31 | Build | Palisade Wall |
| 8:34 | Build | Palisade Wall |
| 8:36 | Build | Palisade Wall |
| 8:39 | Build | Palisade Wall |
| 8:48 | Create | Villager (Male) |
| 9:48 | Build | Palisade Wall |
| 9:51 | Build | Palisade Wall |
| 9:54 | Build | Palisade Wall |
| 9:57 | Build | Palisade Wall |
| 10:00 | Build | Palisade Wall |
| 10:56 | Age | Feudal Age |
| 11:06 | Build | Blacksmith |
| 11:15 | Build | Market |
| 11:36 | Build | Stone Wall |
| 11:47 | Build | Stone Wall |
| 11:49 | Build | Stone Wall |
| 11:53 | Build | Stone Wall |
| 12:18 | Build | Palisade Wall |
| 12:20 | Build | Palisade Wall |
| 12:27 | Research | Castle Age |
| 12:27 | Research | Castle Age |
| 12:42 | Build | Palisade Wall |
| 13:37 | Research | Double-Bit Axe |
| 13:44 | Build | Stone Wall |
| 13:48 | Build | Mill |
| 14:08 | Build | House |
| 14:10 | Create | Villager (Male) |
| 14:24 | Build | Palisade Wall |
| 14:27 | Build | Palisade Wall |
| 14:27 | Build | Palisade Wall |
| 14:28 | Build | Palisade Wall |
| 15:07 | Age | Castle Age |
| 15:09 | Build | Siege Workshop |
| 15:14 | Create | Villager (Male) |
| 15:14 | Create | Villager (Male) |
| 15:26 | Build | Palisade Wall |
| 15:27 | Build | Palisade Wall |
| 15:44 | Build | House |
| 15:48 | Create | Mangonel |
| 15:52 | Build | House |
| 16:11 | Create | Villager (Male) |
| 16:19 | Build | Monastery |
| 16:28 | Build | Monastery |
| 16:53 | Create | Villager (Male) |
| 16:55 | Create | Mangonel |
| 17:10 | Create | Villager (Male) |
| 17:23 | Build | Mining Camp |
| 17:29 | Build | House |
| 17:38 | Create | Villager (Male) |
| 18:00 | Create | Villager (Male) |
| 18:00 | Create | Villager (Male) |
| 18:02 | Create | Monk |
| 18:02 | Create | Monk |
| 18:32 | Create | Villager (Male) |
| 18:33 | Create | Monk |
| 18:53 | Create | Monk |
| 19:03 | Create | Villager (Male) |
| 19:03 | Create | Villager (Male) |
| 19:26 | Research | Fervor |
| 19:53 | Create | Villager (Male) |
| 19:54 | Create | Villager (Male) |
| 19:54 | Create | Villager (Male) |
| 19:58 | Build | House |
| 19:59 | Build | House |
| 20:01 | Build | Farm |
| 20:05 | Build | Farm |
| 20:06 | Build | Farm |
| 20:07 | Build | Farm |
| 20:09 | Research | Sanctity |
| 20:10 | Create | Monk |
| 20:15 | Build | House |
| 20:16 | Build | House |
| 20:39 | Build | Palisade Gate |
| 21:04 | Create | Villager (Male) |
| 21:04 | Create | Villager (Male) |
| 21:05 | Create | Monk |
| 21:05 | Create | Monk |
| 21:18 | Build | Palisade Gate |
| 21:21 | Build | Palisade Wall |
| 21:28 | Create | Villager (Male) |
| 21:43 | Build | Stone Wall |
| 21:48 | Create | Battering Ram |
| 22:10 | Create | Villager (Male) |
| 22:15 | Build | Farm |
| 22:16 | Build | Farm |
| 22:22 | Build | Lumber Camp |
| 22:23 | Create | Villager (Male) |
| 22:25 | Research | Redemption |
| 22:25 | Create | Monk |
| 22:26 | Create | Monk |
| 22:33 | Build | House |
| 22:37 | Build | House |
| 22:47 | Create | Monk |
| 22:48 | Create | Villager (Male) |
| 22:49 | Create | Villager (Male) |
| 22:58 | Create | Battering Ram |
| 23:12 | Create | Monk |
| 23:12 | Create | Monk |
| 23:36 | Build | House |
Build order — 新竹
First 150 of 436 actions detected
| 0:00 | Create | Villager (Male) |
| 0:00 | Create | Villager (Male) |
| 0:01 | Create | Villager (Male) |
| 0:02 | Build | House |
| 0:03 | Build | House |
| 0:12 | Create | Villager (Male) |
| 0:13 | Create | Villager (Male) |
| 1:31 | Create | Villager (Male) |
| 1:31 | Create | Villager (Male) |
| 2:01 | Create | Villager (Male) |
| 2:01 | Create | Villager (Male) |
| 2:01 | Create | Villager (Male) |
| 2:11 | Build | Lumber Camp |
| 2:22 | Create | Villager (Male) |
| 2:36 | Build | House |
| 2:44 | Create | Villager (Male) |
| 2:44 | Create | Villager (Male) |
| 3:05 | Create | Villager (Male) |
| 3:05 | Create | Villager (Male) |
| 3:36 | Create | Villager (Male) |
| 3:36 | Create | Villager (Male) |
| 3:42 | Create | Villager (Male) |
| 3:42 | Create | Villager (Male) |
| 3:42 | Create | Villager (Male) |
| 4:27 | Create | Villager (Male) |
| 4:27 | Create | Villager (Male) |
| 5:11 | Build | Mining Camp |
| 5:20 | Create | Villager (Male) |
| 5:20 | Create | Villager (Male) |
| 6:26 | Research | Feudal Age |
| 6:26 | Research | Feudal Age |
| 6:38 | Build | House |
| 6:59 | Research | Loom |
| 7:39 | Create | Villager (Male) |
| 7:40 | Research | Loom |
| 7:44 | Age | Feudal Age |
| 7:48 | Build | Watch Tower |
| 7:58 | Build | Mill |
| 8:11 | Create | Villager (Male) |
| 8:43 | Create | Villager (Male) |
| 9:09 | Create | Villager (Male) |
| 9:40 | Create | Villager (Male) |
| 10:06 | Build | House |
| 10:13 | Research | Double-Bit Axe |
| 10:13 | Research | Double-Bit Axe |
| 10:16 | Build | Farm |
| 10:31 | Build | Watch Tower |
| 10:34 | Create | Villager (Male) |
| 10:34 | Create | Villager (Male) |
| 10:35 | Create | Villager (Male) |
| 10:56 | Create | Villager (Male) |
| 10:56 | Create | Villager (Male) |
| 10:57 | Create | Villager (Male) |
| 11:22 | Create | Villager (Male) |
| 11:22 | Create | Villager (Male) |
| 11:22 | Create | Villager (Male) |
| 11:24 | Build | Farm |
| 11:33 | Build | Mill |
| 11:35 | Create | Villager (Male) |
| 11:35 | Create | Villager (Male) |
| 12:14 | Create | Villager (Male) |
| 12:14 | Create | Villager (Male) |
| 12:15 | Create | Villager (Male) |
| 12:40 | Build | House |
| 13:20 | Build | Watch Tower |
| 13:27 | Research | Horse Collar |
| 13:27 | Research | Horse Collar |
| 13:29 | Create | Villager (Male) |
| 13:29 | Create | Villager (Male) |
| 13:29 | Create | Villager (Male) |
| 13:29 | Create | Villager (Male) |
| 13:33 | Create | Villager (Male) |
| 13:33 | Create | Villager (Male) |
| 13:50 | Build | Farm |
| 13:54 | Build | Farm |
| 13:55 | Create | Villager (Male) |
| 13:56 | Create | Villager (Male) |
| 13:57 | Build | Farm |
| 14:06 | Create | Villager (Male) |
| 14:06 | Create | Villager (Male) |
| 14:18 | Create | Villager (Male) |
| 14:18 | Create | Villager (Male) |
| 14:25 | Build | Farm |
| 14:40 | Create | Villager (Male) |
| 14:40 | Create | Villager (Male) |
| 14:46 | Build | House |
| 14:51 | Build | House |
| 15:01 | Create | Villager (Male) |
| 15:01 | Create | Villager (Male) |
| 15:01 | Create | Villager (Male) |
| 15:01 | Create | Villager (Male) |
| 15:29 | Build | Stone Wall |
| 15:37 | Build | House |
| 15:51 | Create | Villager (Male) |
| 15:51 | Create | Villager (Male) |
| 15:52 | Create | Villager (Male) |
| 15:53 | Build | Farm |
| 15:54 | Build | Farm |
| 16:02 | Build | Stone Wall |
| 16:07 | Build | Stone Wall |
| 16:15 | Create | Villager (Male) |
| 16:16 | Create | Villager (Male) |
| 16:16 | Create | Villager (Male) |
| 16:21 | Build | Blacksmith |
| 16:27 | Build | Stone Wall |
| 16:33 | Build | Stone Wall |
| 16:44 | Build | Farm |
| 17:21 | Create | Villager (Male) |
| 17:21 | Create | Villager (Male) |
| 17:26 | Build | Barracks |
| 18:06 | Build | Stable |
| 18:15 | Build | Stable |
| 18:33 | Build | Mining Camp |
| 18:46 | Build | Market |
| 18:48 | Build | House |
| 18:54 | Create | Scout Cavalry |
| 18:55 | Create | Scout Cavalry |
| 18:55 | Create | Scout Cavalry |
| 18:55 | Create | Scout Cavalry |
| 19:22 | Create | Villager (Male) |
| 19:23 | Build | Farm |
| 19:24 | Build | Farm |
| 19:26 | Build | Farm |
| 19:29 | Research | Forging |
| 19:29 | Research | Forging |
| 19:59 | Build | Farm |
| 20:03 | Build | Farm |
| 20:04 | Build | Farm |
| 20:29 | Create | Villager (Male) |
| 20:36 | Build | House |
| 20:37 | Build | House |
| 20:38 | Build | House |
| 20:45 | Build | Farm |
| 21:15 | Build | Mill |
| 21:21 | Create | Villager (Male) |
| 21:27 | Build | Lumber Camp |
| 21:39 | Build | Outpost |
| 21:55 | Research | Castle Age |
| 21:55 | Research | Castle Age |
| 22:17 | Build | House |
| 22:19 | Build | Farm |
| 22:24 | Research | Gold Mining |
| 22:24 | Research | Gold Mining |
| 22:46 | Build | Farm |
| 23:23 | Research | Scale Barding Armor |
| 23:24 | Research | Scale Barding Armor |
| 23:26 | Create | Scout Cavalry ×3 |
| 23:26 | Create | Scout Cavalry ×3 |
| 23:31 | Age | Castle Age |
| 24:34 | Create | Knight |
Match timeline
| 5:06 | SHell | FStalker · wall_segment Palisade Wall x1 |
| 5:07 | SHell | FStalker · wall_segment Palisade Wall x1 |
| 5:13 | SHell | FStalker · wall_segment Palisade Wall x1 |
| 5:14 | SHell | FStalker · wall_segment Palisade Wall x1 |
| 5:15 | SHell | FStalker · wall_segment Palisade Wall x1 |
| 7:44 | 新竹 · age_up feudal |
| 8:31 | SHell | FStalker · wall_segment Palisade Wall x4 |
| 8:34 | SHell | FStalker · wall_segment Palisade Wall x5 |
| 8:36 | SHell | FStalker · wall_segment Palisade Wall x7 |
| 8:39 | SHell | FStalker · wall_segment Palisade Wall x8 |
| 9:48 | SHell | FStalker · wall_segment Palisade Wall x2 |
| 9:51 | SHell | FStalker · wall_segment Palisade Wall x7 |
| 9:54 | SHell | FStalker · wall_segment Palisade Wall x7 |
| 9:57 | SHell | FStalker · wall_segment Palisade Wall x3 |
| 10:00 | SHell | FStalker · wall_segment Palisade Wall x7 |
| 10:56 | SHell | FStalker · age_up feudal |
| 11:36 | SHell | FStalker · wall_segment Stone Wall x6 |
| 11:47 | SHell | FStalker · wall_segment Stone Wall x9 |
| 11:49 | SHell | FStalker · wall_segment Stone Wall x1 |
| 11:53 | SHell | FStalker · wall_segment Stone Wall x1 |
| 12:06 | SHell | FStalker · first_market_sell 500 wood |
| 12:07 | SHell | FStalker · first_market_buy 100 food |
| 12:18 | SHell | FStalker · wall_segment Palisade Wall x3 |
| 12:20 | SHell | FStalker · wall_segment Palisade Wall x5 |
| 12:42 | SHell | FStalker · wall_segment Palisade Wall x4 |
| 13:44 | SHell | FStalker · wall_segment Stone Wall x6 |
| 14:24 | SHell | FStalker · wall_segment Palisade Wall x1 |
| 14:27 | SHell | FStalker · wall_segment Palisade Wall x1 |
| 14:27 | SHell | FStalker · wall_segment Palisade Wall x1 |
| 14:28 | SHell | FStalker · wall_segment Palisade Wall x1 |
| 15:07 | SHell | FStalker · age_up castle |
| 15:09 | SHell | FStalker · first_building Siege Workshop |
| 15:26 | SHell | FStalker · wall_segment Palisade Wall x1 |
| 15:27 | SHell | FStalker · wall_segment Palisade Wall x1 |
| 15:29 | 新竹 · wall_segment Stone Wall x2 |
| 16:02 | 新竹 · wall_segment Stone Wall x2 |
| 16:07 | 新竹 · wall_segment Stone Wall x3 |
| 16:19 | SHell | FStalker · first_building Monastery |
| 16:27 | 新竹 · wall_segment Stone Wall x2 |
| 16:33 | 新竹 · wall_segment Stone Wall x3 |
| 17:26 | 新竹 · first_building Barracks |
| 18:06 | 新竹 · first_building Stable |
| 21:21 | SHell | FStalker · wall_segment Palisade Wall x1 |
| 21:43 | SHell | FStalker · wall_segment Stone Wall x1 |
| 23:31 | 新竹 · age_up castle |
| 24:40 | SHell | FStalker · first_building Barracks |
| 25:35 | 新竹 · first_building Siege Workshop |
| 26:30 | 新竹 · first_building Castle |
| 27:45 | 新竹 · first_building Archery Range |
| 28:39 | 新竹 · wall_segment Stone Wall x1 |
| 29:19 | 新竹 · age_up imperial |
| 31:57 | SHell | FStalker · first_building Castle |
| 32:05 | 新竹 · first_market_buy 100 food |
| 35:38 | 新竹 · first_market_sell 100 wood |
| 37:57 | 新竹 · wall_segment Stone Wall x2 |
| 39:01 | SHell | FStalker · age_up imperial |
| 44:31 | SHell | FStalker · wall_segment Stone Wall x1 |
| 44:31 | SHell | FStalker · wall_segment Stone Wall x1 |
| 48:54 | SHell | FStalker · first_building Archery Range |
| 52:44 | 新竹 · resign |
[ AI ANALYSIS · 1 CREDIT ]
What really happened in this match?
Wolo.gg analyzes every decision: build order, eco, micro, common mistakes by bracket. Personalized analysis on WhatsApp or Discord in 30 seconds.
Civ guide
Bohemians
Perfil
SHell | FStalker